 Dungeon Crawl Stone Soup version 0.30-a0-591-g3c58d2bc28 (webtiles) character file.

Game seed: 14923166554468794704

53 drugrobin the Sneak (level 3, -2/30 HPs)
             Began as a Demigod Delver on Jan 6, 2023.
             Slain by a bullfrog (8 damage)
             ... on level 3 of the Dungeon.
             The game lasted 00:07:21 (871 turns).

drugrobin the Sneak (Demigod Delver)                 Turns: 871, Time: 00:07:21

Health: -2/30      AC:  3    Str: 13    XL:     3   Next: 41%
Magic:  2/5        EV: 12    Int: 12    God:
Gold:   20         SH:  0    Dex: 19    Spells: 2/2 levels left

rFire   . . .      SeeInvis .      - Unarmed
rCold   . . .      Faith    .    (no shield)
rNeg    . . .      Spirit   .    a - +0 leather armour
rPois   .          Reflect  .    (no helmet)
rElec   .          Harm     .    (no cloak)
rCorr   .          Rampage  .    (no gloves)
Will    .....                    (no boots)
Stlth   +++                      (no amulet)
HPRegen 0.25/turn                (no ring)
MPRegen 0.09/turn                (no ring)

@: no status effects
A: high MP 1, forlorn, divine attributes
a: no special abilities


You were on level 3 of the Dungeon.
You visited 1 branch of the dungeon, and saw 3 of its levels.
You also visited: Sewer.

You collected 20 gold pieces.

Inventory:

Hand Weapons
 k - a +0 antimagic arbalest
Missiles
 j - 4 javelins (quivered)
Armour
 a - a +0 leather armour (worn)
 d - the +0 pair of boots of Submission {Harm Dex+3}
   (You found it in a sewer)

   Dex:       It affects your dexterity (+3).
   Harm:      It increases damage dealt and taken.
Wands
 f - a wand of digging (2)
Scrolls
 b - a scroll of fog
 c - a scroll of magic mapping
 e - 2 scrolls of blinking
 g - a scroll of teleportation {unknown}
Potions
 h - a potion of curing {unknown}
 i - a potion of haste


   Skills:
 - Level 2.6 Fighting
 - Level 1.7 Dodging
 - Level 4.5 Stealth
 + Level 3.7 Unarmed Combat


You had 2 spell levels left.
You didn't know any spells.
Your spell library was empty.

Dungeon Overview and Level Annotations

Branches:
Dungeon (5/15)             Temple (0/1) D:5           Sewer (visited)

Annotations:
D:5 exclusions: adder, jelly and necrophage


Innate Abilities, Weirdness & Mutations

You have an increased reservoir of magic. (+10% MP)
You shall have no god before yourself.
Your divine heritage dramatically boosts your attributes as you level up.


Message History

You barely miss the bullfrog.
The bullfrog is almost dead.
You feel yourself slow down. The bullfrog hits you.
You closely miss the bullfrog.
The bullfrog is almost dead.
The bullfrog completely misses you. The bullfrog closely misses you.
You hit the bullfrog.
The bullfrog is almost dead.
The bullfrog closely misses you.
You barely miss the bullfrog.
The bullfrog is almost dead.
The bullfrog closely misses you.
You closely miss the bullfrog.
The bullfrog is almost dead.
The bullfrog hits you. The bullfrog closely misses you.
You completely miss the bullfrog.
The bullfrog is almost dead.
The bullfrog hits you but does no damage.
You barely miss the bullfrog.
The bullfrog is almost dead.
The bullfrog hits you.
* * * LOW HITPOINT WARNING * * *
The bullfrog barely misses you.
You hit the bullfrog but do no damage.
The bullfrog is almost dead.
The bullfrog closely misses you.
You closely miss the bullfrog.
The bullfrog is almost dead.
The bullfrog hits you.
* * * LOW HITPOINT WARNING * * *
You closely miss the bullfrog.
The bullfrog is almost dead.
The bullfrog barely misses you.
Unknown command.
Unknown command.
You barely miss the bullfrog.
The bullfrog is almost dead.
The bullfrog hits you!
You die...

##.## #..# ##.#
# #.# .# #.#
###.### #.####
.......
#....###.......
#####.~#.......
##@F..#
#~##...... #~#
#(... #~# ...
#~# . #~# #~#
#~#


You could see a bullfrog.

Vanquished Creatures
  3 adders
  7 ball pythons (Sewer)
  8 giant cockroaches (Sewer)
  3 quokkas (Sewer)
  4 frilled lizards (Sewer)
  A kobold (D:4)
26 creatures vanquished.

Notes
Turn   | Place    | Note
-------+----------+-------------------------------------------
     0 | D:5      | drugrobin the Demigod Delver began the quest for the Orb.
     0 | D:5      | Reached XP level 1. HP: 18/18 MP: 3/3
    12 | D:5      | Noticed a jelly
    33 | D:5      | Noticed a necrophage
   114 | D:5      | Noticed a phantom
   211 | D:5      | Found a staircase to the Ecumenical Temple.
   216 | D:5      | Noticed a hound
   222 | D:5      | Noticed a scorpion
   244 | D:5      | Noticed a hound
   350 | D:4      | Noticed an ogre
   365 | D:3      | Found a glowing drain.
   394 | Sewer    | Entered a sewer
   408 | Sewer    | Reached XP level 2. HP: 21/25 MP: 4/4
   596 | Sewer    | Reached XP level 3. HP: 28/30 MP: 5/5
   814 | Sewer    | Noticed a bullfrog
   814 | Sewer    | Noticed a bullfrog
   829 | Sewer    | Identified the +0 pair of boots of Submission {Harm Dex+3}
   871 | D:3      | Slain by a bullfrog

Illustrated notes

Levels and vault maps discovered:
D:3:      layout_rooms, hellmonk_ecumenical_altar_leap_of_faith,
          portal_sewer_entry_d, nicolae_underground_beach, uniq_sigmund
D:4:      layout_rooms, nicolae_vehumet_radiance, grunt_temple_overflow_open
D:5:      layout_basic, minmay_temple_entry_glass, grunt_ministairs_2

Skill      XL: |  1  2 |
---------------+-------+-----
Unarmed Combat | 2 3 |  3.7
Fighting       | |  2.6
Dodging        | |  1.7
Stealth        | |  4.5

Action                   || total
-------------------------++-------
Melee: Unarmed           ||   150
       Punch             ||     3
 Fire: Arbalest          ||     2
Throw: Javelin           ||     3
Evoke: Wand              ||     1
  Use: Scroll            ||     2
       Potion            ||     2
 Stab: Sleeping          ||     1
Armor: Leather armour    ||    38
Dodge: Dodged            ||   110

Table legend: (Time is in decaauts)
 A = Elapsed time spent in this place.
 B = Non-inter-level travel time spent in this place.
 C = Inter-level travel time spent in this place.
 D = Time resting spent in this place.
 E = Time spent auto-exploring this place.
 F = Levels seen in this place.
 G = Mean time per level.
                   A        B        C        D        E       F      G
               +--------+--------+--------+--------+--------+-----+--------+
         Total |    874 |    842 |     32 |     40 |    146 |   4 |  218.5 |
       Dungeon |    385 |    353 |     32 |     30 |     15 |   3 |  128.3 |
         Sewer |    489 |    489 |      0 |     10 |    131 |   1 |  489.0 |
               +--------+--------+--------+--------+--------+-----+--------+

Top non-repeatable levels by time:
   Sewer: 489 daAuts
     D:5: 249 daAuts
     D:3: 74 daAuts
     D:4: 61 daAuts
